 Dungeon Crawl Stone Soup version 0.26.1-11-gd32895ea62 (webtiles) character file.

Game seed: 11002311354041705226

4136 Destapler the Protected (level 10, -20/81 HPs)
             Began as a Minotaur Fighter on July 4, 2021.
             Was a Believer of Hepliaklqana.
             Killed from afar by an ice statue (26 damage)
             ... with a freezing blast
             ... on level 9 of the Dungeon on July 5, 2021.
             The game lasted 00:20:09 (8115 turns).

Destapler the Protected (Minotaur Fighter)          Turns: 8115, Time: 00:20:11

Health: -20/81     AC: 13    Str: 23    XL:     10   Next: 6%
Magic:  9/9        EV: 13    Int:  5    God:    Hepliaklqana [**....]
Gold:   535        SH: 12    Dex: 11    Spells: 9/9 levels left

rFire    + . .     SeeInvis .   a - +0 whip (elec)
rCold    . . .     Faith    .   c - +0 kite shield
rNeg     . . .     Spirit   .   r - +1 ring mail of the Several Queens {Regen+ rCorr}
rPois    .         Reflect  .   (helmet restricted)
rElec    .         Harm     .   b - +1 cloak
rCorr    +         Rampage  .   y - +0 pair of gloves
Will     .....                  o - +0 pair of boots
Stlth    +.........             (no amulet)
HPRegen  0.63/turn              u - +4 ring of evasion
MPRegen  0.11/turn              B - ring of protection from fire

@: no status effects
A: retaliatory headbutt, reduced essence, horns 2
a: Renounce Religion, Recall Ancestor, Ancestor Identity


You were on level 9 of the Dungeon.
You worshipped Hepliaklqana.
Hepliaklqana was pleased with you.
You visited 2 branches of the dungeon, and saw 10 of its levels.

You collected 535 gold pieces.

Inventory:

Hand Weapons
 a - a +0 whip of electrocution (weapon)
Missiles
 i - 18 poisoned darts (quivered)
 C - 7 boomerangs
Armour
 b - a +1 cloak (worn)
 c - a +0 kite shield (worn)
 o - a +0 pair of boots (worn)
 r - the +1 ring mail of the Several Queens (worn) {Regen+ rCorr}
   (You found it on level 4 of the Dungeon)

   It increases your rate of regeneration.
   It provides partial protection from all sources of acid and corrosion.
 y - a +0 pair of gloves (worn)
 G - a +4 chain mail
Jewellery
 u - a +4 ring of evasion (left hand)
 v - an uncursed amulet of faith
 B - a ring of protection from fire (right hand)
 D - an uncursed ring of fire
Wands
 s - a wand of paralysis (9)
 x - a wand of disintegration (7)
 E - a wand of iceblast (2)
Scrolls
 d - a scroll of enchant armour
 f - 6 scrolls of identify
 g - 4 scrolls of remove curse
 h - a scroll of enchant weapon {unknown}
 j - 8 scrolls of teleportation
 k - 2 scrolls of fog
 n - a scroll of blinking
Potions
 e - 5 potions of curing
 l - 4 potions of attraction
 m - 3 potions of flight
 p - a potion of ambrosia {unknown}
 q - a potion of experience {unknown}
 t - 3 potions of cancellation {unknown}
 w - 3 potions of lignification
 z - a potion of invisibility {unknown}
 A - a potion of magic {unknown}


   Skills:
 + Level 9.4 Fighting
 + Level 9.1 Maces & Flails
 + Level 9.5 Armour
 + Level 9.5 Shields


You had 9 spell levels left.
You didn't know any spells.
Your spell library contained the following spells:

 Spells                   Type           Power        Failure   Level
 Magic Dart               Conj           0%           85%         1
 Summon Small Mammal      Summ           0%           85%         1
 Blink                    Tloc           N/A          94%         2
 Call Imp                 Summ           0%           94%         2
 Ensorcelled Hibernation  Hex/Ice        0%           94%         2
 Slow                     Hex            0%           94%         2
 Conjure Flame            Conj/Fire      0%           99%         3
 Mephitic Cloud           Conj/Pois/Air  0%           99%         3
 Summon Ice Beast         Ice/Summ       0%           100%        4
 Borgnjor's Vile Clutch   Necr/Erth      0%           100%        5
 Silence                  Hex/Air        0%           100%        5
 Shadow Creatures         Summ           N/A          100%        6
 Malign Gateway           Summ/Tloc      0%           100%        7
 Monstrous Menagerie      Summ           0%           100%        7
 Summon Greater Demon     Summ           0%           100%        7
 Summon Horrible Things   Summ           0%           100%        8


Dungeon Overview and Level Annotations

Branches:
Dungeon (9/15)             Temple (1/1) D:6
   Lair: D:8-11         Orc: D:9-12

Altars:
Dithmenos
Gozag
Hepliaklqana
Nemelex Xobeh
Okawaru
Qazlal
Trog
Wu Jian
Xom
Zin

Annotations:
D:9 exclusion: ice statue


Innate Abilities, Weirdness & Mutations

You reflexively headbutt those who attack you in melee.
You have a pair of horns on your head.
Your life essence is reduced to manifest your ancestor. (-10% HP)


Message History

The ice statue gestures at you. The bolt of cold hits you!!!
Ouch! That really hurt!
* * * LOW HITPOINT WARNING * * *
You hit the ice statue but do no damage.
The ice statue gestures.
You hit the ice statue but do no damage.
Nhalahla hits the ice beast with a +0 dagger of draining.
Nhalahla drains the ice beast.
You hit the ice statue.
The ice statue is lightly damaged.
The ice statue gestures.
You block the ice beast's attack.
You hit the ice statue but do no damage.
You headbutt the ice statue!
The ice statue is lightly damaged.
Nhalahla completely misses the ice beast.
The ice statue gestures at you. The freezing blast engulfs you!!
You die...

#....# #....#
########....#
##...........#
#......()(.###############
........##................
.###.....##((####.........
##....R##..####........
##..Y@.##...........>.
##..8.?######..##....
##Y..## ###.####)# ##(##
#.....# # ### #.....##.#
#.....##.# #.....##.#
#.....##.# #.....##.#


You could see the friendly Nhalahla the hexer, an ice statue and 2 ice beasts.

Vanquished Creatures
  An unseen horror (D:8)
  Pikel (D:7)
  Sigmund (D:2)
  Menkaure (D:7)
  A water moccasin (D:8)
  2 orc warriors (D:6)
  A black bear (D:8)
  A hornet zombie (D:8)
  A phantom (D:9)
  2 ogres (D:7)
  4 centaurs
  A big kobold (D:9)
  5 bullfrogs
  A gnoll sergeant (D:9)
  A water moccasin skeleton (D:6)
  3 howler monkeys
  A bullfrog zombie (D:7)
  A bullfrog skeleton (D:5)
  5 jellies
  A hound (D:8)
  4 orc priests
  6 orc wizards
  A gnoll shaman (D:7)
  An iguana (D:5)
  Natasha (D:2)
  4 worker ants
  A killer bee zombie (D:8)
  A hound zombie (D:8)
  A howler monkey zombie (D:8)
  A worker ant zombie (D:5)
  12 gnolls
  7 adders
  A shadow imp (D:6)
  4 white imps
  An ufetubus (D:9)
  An ooze (D:1)
  An adder skeleton (D:5)
  A worm (D:2)
  A dart slug (D:1)
  6 leopard geckos
  32 orcs
  3 giant cockroaches
  4 goblins
  9 hobgoblins
  2 jackals (D:7)
  11 kobolds
  A quokka (D:2)
  8 bats
  11 frilled lizards
  A jackal skeleton (D:6)
  A leopard gecko skeleton (D:6)
  A leopard gecko zombie (D:7)
  12 rats
187 creatures vanquished.

Vanquished Creatures (collateral kills)
  A scorpion (D:7)
  An adder (D:8)
  An adder zombie (D:6)
  3 orcs
  A quokka (D:6)
7 creatures vanquished.

Vanquished Creatures (others)
  2 ancestors
2 creatures vanquished.

Grand Total: 196 creatures vanquished

Notes
Turn   | Place    | Note
-------+----------+-------------------------------------------
     0 | D:1      | Destapler the Minotaur Fighter began the quest for the Orb.
     0 | D:1      | Reached XP level 1. HP: 19/19 MP: 0/0
   149 | D:1      | Reached XP level 2. HP: 27/27 MP: 1/1
   549 | D:1      | Reached XP level 3. HP: 33/33 MP: 2/2
  1009 | D:2      | Noticed Natasha
  1014 | D:2      | Killed Natasha
  1015 | D:2      | Reached XP level 4. HP: 33/40 MP: 3/3
  1440 | D:2      | Reached XP level 5. HP: 44/47 MP: 4/4
  1608 | D:2      | Noticed Sigmund
  1620 | D:2      | Killed Sigmund
  1621 | D:2      | Reached skill level 5 in Fighting
  1621 | D:2      | Reached skill level 5 in Armour
  1621 | D:2      | Reached skill level 5 in Shields
  1621 | D:2      | Reached XP level 6. HP: 56/56 MP: 5/5
  1641 | D:2      | Found an ornate altar of the Wu Jian Council.
  3041 | D:4      | Got a distressingly furry ring mail
  3096 | D:4      | Identified the Incunabulum of Damaging Creation
  3507 | D:5      | Entered Level 5 of the Dungeon
  3893 | D:5      | Reached skill level 5 in Maces & Flails
  3899 | D:5      | Reached XP level 7. HP: 59/61 MP: 6/6
  4509 | D:6      | Found a staircase to the Ecumenical Temple.
  4541 | Temple   | Entered the Ecumenical Temple
  4558 | Temple   | Became a worshipper of Hepliaklqana the Forgotten
  4939 | D:6      | Reached XP level 8. HP: 11/63 MP: 7/7
  5873 | D:7      | Noticed Pikel
  5883 | D:7      | Killed Pikel
  5962 | D:6      | Identified the +1 ring mail of the Several Queens {Regen+
                  | rCorr} (You found it on level 4 of the Dungeon)
  6185 | D:8      | Reached * piety under Hepliaklqana
  6202 | D:8      | Reached XP level 9. HP: 70/72 MP: 8/8
  6908 | D:8      | Killed an unseen horror
  7059 | D:7      | Noticed Menkaure
  7062 | D:7      | Killed Menkaure
  7923 | D:9      | Reached ** piety under Hepliaklqana
  7924 | D:9      | Remembered your ancestor Nhalahla as a hexer
  7982 | D:9      | Reached XP level 10. HP: 76/81 MP: 9/9
  8089 | D:9      | Noticed an ice statue
  8111 | D:9      | HP: 4/81 [ice statue/bolt of cold (42)]
  8115 | D:9      | Killed from afar by an ice statue

Illustrated notes

Levels and vault maps discovered:
D:1:      amcnicky_arrival_underground_garden, layout_basic
D:2:      layout_basic, nicolae_overflow_crystal_walls, uniq_natasha,
          uniq_sigmund
D:3:      layout_basic
D:4:      layout_cave_pods
D:5:      layout_basic
D:6:      layout_cave_pools, minmay_temple_entry_statues_pillars,
          chequers_serial_rivers_micro_d
D:7:      layout_basic, uniq_pikel, uniq_menkaure
D:8:      layout_basic, minmay_fractal_squares_5
D:9:      minmay_separated_statues, layout_basic, kennysheep_cross_bottleneck
Temple:   grunt_wide_crystal_templ

Skill      XL: |  1  2  3  4  5  6  7  8  9 |
---------------+----------------------------+-----
Armour         | 4 5 6 8 9 |  9.5
Shields        | 4 5 6 7 9 |  9.5
Fighting       | 4 5 6 7 9 |  9.4
Maces & Flails | 3 4 5 6 7 9 |  9.1

Action                   |  1- 3 |  4- 6 |  7- 9 | 10-12 || total
-------------------------+-------+-------+-------+-------++-------
Melee: Flail             |    84 |   133 |   111 |       ||   328
       Headbutt          |     7 |    24 |    62 |     4 ||    97
       Whip              |       |       |   189 |    29 ||   218
Throw: Dart              |       |       |     1 |       ||     1
Invok: Ancestor Life: He |       |       |     1 |       ||     1
  Use: Potion            |       |     1 |     2 |       ||     3
       Scroll            |       |       |    13 |       ||    13
 Stab: Distracted        |       |       |       |     2 ||     2
Armor: Scale mail        |    34 |    40 |    24 |       ||    98
       Chain mail        |       |       |    44 |       ||    44
       Ring mail         |       |       |    12 |     4 ||    16
Dodge: Dodged            |    31 |    27 |    97 |     9 ||   164
Block: Kite shield       |    41 |    67 |   164 |    12 ||   284
